 Dungeon Crawl Stone Soup version 0.24.0-123-gd5b16e6ec5 (webtiles) character file.

Game seed: 9290077078198036032, levelgen mode: deterministic

2989 brucemayne the Cleaver (level 9, -9/82 HPs)
             Began as a Hill Orc Monk on Jan 20, 2020.
             Was a Priest of the Shining One.
             Blown up by a crimson imp (33 damage)
             ... with a disintegration bolt
             ... on level 9 of the Dungeon.
             The game lasted 00:15:19 (3160 turns).

brucemayne the Cleaver (Hill Orc Monk)              Turns: 3160, Time: 00:15:20

Health: -9/82      AC:  8    Str: 17    XL:     9   Next: 83%
Magic:  10/10      EV: 10    Int: 10    God:    the Shining One [***...]
Gold:   333        SH:  0    Dex: 15    Spells: 8/8 levels left

rFire    + . .     SeeInvis .   t - +3 hand axe (venom)
rCold    + . .     Gourm    .   (no shield)
rNeg     + . .     Faith    .   k - +0 scale mail
rPois    +         Spirit   .   (no helmet)
rElec    .         Reflect  .   e - scarf {rC+ rF+}
rCorr    .         Harm     .   (no gloves)
MR       .....                  i - +0 pair of boots
Stlth    +.........             (no amulet)
HPRegen  0.23/turn              p - ring of poison resistance
MPRegen  0.12/turn              (no ring)

@: glowing
A: hooves 1, thin skeletal structure 1, low mp 1, MP-powered wands
a: Divine Shield, Renounce Religion


You were on level 9 of the Dungeon.
You worshipped the Shining One.
The Shining One was most pleased with you.
You were not hungry.

You visited 2 branches of the dungeon, and saw 10 of its levels.

You collected 333 gold pieces.

Inventory:

Hand Weapons
 a - a +0 hand axe
 t - a +3 hand axe of venom (weapon)
 y - a +1 whip of electrocution
Missiles
 f - 67 stones (quivered)
 q - 16 poisoned darts
Armour
 b - a +0 robe
 e - a scarf of resistance (worn)
 i - a +0 pair of boots (worn)
 k - a +0 scale mail (worn)
 o - a +0 plate armour
 x - the +1 leather armour "Cuethress" {MR+, unknown}
   (You found it on level 8 of the Dungeon)

   It affects your resistance to hostile enchantments.
Jewellery
 p - a ring of poison resistance (left hand)
Wands
 v - a wand of iceblast (6)
Scrolls
 g - a scroll of immolation {unknown}
 h - 3 scrolls of amnesia
 j - 2 scrolls of teleportation
 l - a scroll of silence {unknown}
 r - a scroll of fog
 s - 5 scrolls of identify {unknown}
 u - a scroll of noise {unknown}
 w - a scroll of enchant armour {unknown}
 A - a scroll of magic mapping
Potions
 d - 3 potions of heal wounds
 m - 2 potions of haste {unknown}
 n - a potion of berserk rage {unknown}
 z - a potion of agility {unknown}
Comestibles
 c - 9 rations


   Skills:
 + Level 8.7 Fighting
 + Level 13.9 Axes
 - Level 3.3 Armour
 - Level 2.4 Dodging
 - Level 1.5 Stealth
 - Level 3.0 Invocations


You had 8 spell levels left.
You didn't know any spells.
Your spell library contained the following spells:

 Spells                   Type           Power        Failure   Level  Hunger
 Freeze                   Ice            #...         77%         1    ##.....
 Magic Dart               Conj           #...         77%         1    ##.....
 Sting                    Conj/Pois      #...         77%         1    ##.....
 Blink                    Tloc           N/A          88%         2    ###....
 Call Imp                 Summ           #.......     88%         2    ###....
 Poisonous Vapours        Pois/Air       #.....       88%         2    ###....
 Slow                     Hex            #.......     88%         2    ###....
 Throw Frost              Conj/Ice       #.....       88%         2    ###....
 Conjure Flame            Conj/Fire      #.......     98%         3    ####...
 Mephitic Cloud           Conj/Pois/Air  #.......     98%         3    ####...
 Ozocubu's Armour         Chrm/Ice       #.......     98%         3    ####...
 Olgreb's Toxic Radiance  Pois           #.......     100%        4    #####..
 Summon Ice Beast         Ice/Summ       #.......     100%        4    #####..
 Throw Icicle             Conj/Ice       #.......     100%        4    #####..
 Venom Bolt               Conj/Pois      #.........   100%        5    ######.


Dungeon Overview and Level Annotations

Branches:
Dungeon (9/15)             Temple (0/1) D:6            Lair (1/6) D:8
    Orc: D:9-12

Altars:
Dithmenos
Nemelex Xobeh
Vehumet
Wu Jian
Zin
The Shining One

Shops:
D:7 *   D:8 [

Annotations:
D:5 Pikel
D:6 Sigmund
D:7 2 transporters, treziel's ghost, novice GrFi


Innate Abilities, Weirdness & Mutations

You have large cloven feet.
You have a somewhat thin skeletal structure. (Dex +2, Stealth)
Your magical capacity is low. (-10% MP)
You expend magic power (3 MP) to strengthen your wands.


Message History

You see here an orc corpse.
It would be a sin to butcher the orc corpse!
As you open the door, it creaks loudly!
You hear an angry buzzing noise. x2
Found an emerald potion.
There is an open door here.
z - an emerald potion
Found 8 curare-tipped darts.
The crimson imp shouts!
The crimson imp zaps a wand.
You are blasted!
* * * LOW HITPOINT WARNING * * *
You feel much better.
Evoke which item? (* to show all) (? for menu, Esc to quit)
Okay, then.
Okay, then.
The crimson imp throws a stone.
The stone hits you but does no damage.
The crimson imp shouts, "Crawl home, thou bawdy crook-pated bounder!"
The crimson imp throws a stone.
The stone hits you but does no damage.
You see here a stone.
The crimson imp zaps a wand.
You are blasted!
You die...

#.##########.#
#............#
#.##########.# #.# #.#
####'## #######.#######
......#
#.(...#.#.....###
......#
#.......#(.............
......#
#.......#(..)?..........
......#
#.......@...............
......#
#..........+++..........
...................#
#.....#....
.............5.....#
#..........
.........####......#
#.#........ .........
......## #.#<÷......
##+#....
.......####.#(....#+#
...............(......
.§..#.....O..#.#.#


You could see a crimson imp.

Vanquished Creatures
  A spriggan (D:7)
  A yak (D:8)
  2 wargs (D:8)
  A sky beast (D:6)
  4 ice beasts
  3 orc warriors
  5 ogres
  2 centaurs
  A crocodile (D:8)
  2 big kobolds (D:8)
  4 bullfrogs
  3 killer bees (D:8)
  A crimson imp (D:7)
  2 quasits (D:8)
  A hound (D:5)
  2 jellies
  An orc priest (D:9)
  An orc wizard (D:8)
  A bullfrog skeleton (D:8)
  Ijyb (D:4)
  An iguana (D:8)
  2 worker ants
  2 worker ant zombies
  5 adders
  A howler monkey skeleton (D:5)
  2 adder zombies
  A worm (D:3)
  4 leopard geckos
  16 orcs
  3 bats
  2 giant cockroaches
  3 goblins
  2 hobgoblins
  8 jackals
  2 quokkas
  A frilled lizard (D:2)
  9 kobolds
  10 rats
113 creatures vanquished.

Vanquished Creatures (others)
  A plant (D:6)
1 creature vanquished.

Grand Total: 114 creatures vanquished

Notes
Turn   | Place    | Note
-------+----------+-------------------------------------------
     0 | D:1      | brucemayne the Hill Orc Monk began the quest for the Orb.
     0 | D:1      | Reached XP level 1. HP: 19/19 MP: 1/1
   266 | D:2      | Reached XP level 2. HP: 19/26 MP: 2/2
   336 | D:3      | Reached skill level 5 in Axes
   421 | D:3      | Reached XP level 3. HP: 16/31 MP: 3/3
   449 | D:4      | Noticed Ijyb
   549 | D:3      | Found a sparkling altar of Nemelex Xobeh.
   723 | D:2      | Reached skill level 6 in Axes
   883 | D:4      | Noticed a phantom
   919 | D:4      | Killed Ijyb
   919 | D:4      | Reached XP level 4. HP: 36/39 MP: 4/4
   956 | D:4      | Reached skill level 7 in Axes
   957 | D:4      | Gained mutation: You expend magic power (3 MP) to
                  | strengthen your wands. [potion of mutation]
   957 | D:4      | Gained mutation: You have a somewhat thin skeletal
                  | structure. (Dex +2, Stealth) [potion of mutation]
   957 | D:4      | Gained mutation: Your body sometimes deteriorates upon
                  | taking damage. [potion of mutation]
   957 | D:4      | Gained mutation: You possess an exceptional clarity of
                  | mind. [potion of mutation]
   987 | D:4      | Found a radiant altar of Vehumet.
  1098 | D:5      | Entered Level 5 of the Dungeon
  1104 | D:5      | Found an ornate altar of the Wu Jian Council.
  1128 | D:5      | Reached XP level 5. HP: 24/45 MP: 5/5
  1138 | D:5      | Noticed a sky beast
  1239 | D:5      | Noticed Pikel
  1239 | D:5      | Noticed a slave
  1239 | D:5      | Noticed a slave
  1239 | D:5      | Noticed a slave
  1239 | D:5      | Noticed a slave
  1296 | D:5      | Reached skill level 8 in Axes
  1300 | D:5      | Noticed an ogre
  1343 | D:5      | HP: 2/45 [ogre/+0 giant spiked club (6)]
  1452 | D:7      | Reached XP level 6. HP: 11/51 MP: 6/6
  1456 | D:7      | Reached skill level 9 in Axes
  1493 | D:6      | Found a glowing golden altar of the Shining One.
  1509 | D:6      | Became a worshipper of the Shining One
  1509 | D:6      | Reached * piety under the Shining One
  1509 | D:6      | Reached ** piety under the Shining One
  1515 | D:6      | Noticed Sigmund
  1636 | D:6      | Found a staircase to the Ecumenical Temple.
  1637 | D:6      | Noticed a sky beast
  1640 | D:7      | Noticed an ice beast
  1641 | D:7      | Lost mutation: Your body sometimes deteriorates upon taking
                  | damage. [potion of mutation]
  1641 | D:7      | Lost mutation: You expend magic power (3 MP) to strengthen
                  | your wands. [potion of mutation]
  1641 | D:7      | Lost mutation: You possess an exceptional clarity of mind.
                  | [potion of mutation]
  1641 | D:7      | Gained mutation: You expend magic power (3 MP) to
                  | strengthen your wands. [potion of mutation]
  1641 | D:7      | Gained mutation: Your magical capacity is low. (-10% MP)
                  | [potion of mutation]
  1641 | D:7      | Gained mutation: You have large cloven feet. [potion of
                  | mutation]
  1652 | D:7      | Killed an ice beast
  1652 | D:7      | Reached skill level 10 in Axes
  1652 | D:7      | Reached XP level 7. HP: 40/57 MP: 2/6
  1718 | D:7      | Found Ceome's Assorted Antiques.
  1785 | D:6      | Found a shadowy altar of Dithmenos.
  1862 | D:6      | Reached skill level 11 in Axes
  1945 | D:8      | Reached XP level 8. HP: 36/64 MP: 7/7
  1972 | D:7      | Found a transporter.
  1972 | D:7      | Found a transporter.
  1973 | D:7      | Noticed treziel's ghost (novice GrFi)
  1975 | D:7      | Identified the cursed +0 dire flail "Jellybane" {pain,
                  | -Tele MP+9 Str+4 SInv}
  1975 | D:7      | Noticed a two-headed ogre
  2004 | D:7      | Noticed a spriggan baker
  2009 | D:7      | Killed a spriggan baker
  2032 | D:8      | Reached skill level 5 in Fighting
  2120 | D:8      | Reached skill level 1 in Invocations
  2163 | D:9      | Reached skill level 12 in Axes
  2521 | D:8      | Got a diamond-studded leather armour
  2562 | D:8      | Found a staircase to the Lair.
  2585 | D:8      | Reached XP level 9. HP: 26/75 MP: 6/10
  2662 | D:8      | Found a glowing silver altar of Zin.
  2710 | D:9      | Reached skill level 13 in Axes
  2844 | D:9      | Noticed a two-headed ogre
  2917 | D:8      | Found Vohaely's Armour Emporium.
  2968 | Lair:1   | Entered Level 1 of the Lair of Beasts
  2970 | Lair:1   | Reached *** piety under the Shining One
  3152 | D:9      | HP: 2/82 [disintegration (21)]
  3160 | D:9      | Blown up by a crimson imp

Levels and vault maps discovered:
D:1:      minmay_arrival_semitransparent, layout_loops_ring, minmay_lizard_king
D:2:      minmay_razor_zed, layout_basic, hangedman_feature_mirror
D:3:      layout_basic, old_standard_altar, nicolae_overflow_hidden_temple,
          chequers_ecumenical_altar_grove, first_ration
D:4:      layout_loops_cross, lemuel_doored_altar,
          minmay_misc_feat_more_columns, uniq_ijyb
D:5:      layout_gridville, lemuel_round_altar, nicolae_qazlal_eye_of_the_storm,
          uniq_pikel
D:6:      layout_rooms, tso_metal_star, nicolae_dithmenos_the_darkroom,
          minmay_temple_entry_enclosed_plants,
          minmay_guarded_unrand_staff_of_olgreb, uniq_sigmund
D:7:      layout_layer_cave, kennysheep_mini, gammafunk_ghost_smash,
          serial_shops, nicolae_shop_overgrown_old_shop, the_bakery, uniq_harold
D:8:      layout_basic, lemuel_crystal_altar, erik_lair_orcish_takeover,
          serial_shops, shop
D:9:      layout_basic, fedhas_ov_isle_minmay
Lair:1:   layout_chaotic_city, uniq_erica

Skill      XL: |  1  2  3  4  5  6  7  8  9 |
---------------+----------------------------+-----
Axes           | 5 6 7 8 10 11 12 13 | 13.9
Armour         | 3 |  3.3
Fighting       | 6 8 |  8.7
Invocations    | 3 |  3.0
Dodging        | |  2.4
Stealth        | |  1.5

Action                   |  1- 3 |  4- 6 |  7- 9 || total
-------------------------+-------+-------+-------++-------
Melee: Hand axe          |   124 |    45 |   225 ||   394
Invok: Divine Shield     |       |       |     2 ||     2
Evoke: Wand              |     1 |     3 |     4 ||     8
  Use: Potion            |       |     5 |     1 ||     6
       Scroll            |       |     8 |       ||     8
  Eat: Ration            |       |     1 |       ||     1
       Chunk             |       |       |     4 ||     4
Armor: Robe              |     5 |       |       ||     5
       Scale mail        |    53 |    40 |    80 ||   173
Dodge: Dodged            |    67 |    56 |   107 ||   230
Block: Other             |       |       |     5 ||     5
